 Dungeon Crawl Stone Soup version 0.30-a0-709-gcdc1b43e22 (webtiles) character file.

Game seed: 67255700516118247

7813 Alitron123 the Basher (level 11, 0/106 HPs)
             Began as a Gargoyle Berserker on Jan 22, 2023.
             Was an Elder of Trog.
             Slain by an orc warrior
             ... wielding a +0 flail
              (2 damage)
             ... on level 1 of the Orcish Mines.
             The game lasted 00:12:09 (7948 turns).

Alitron123 the Basher (Gargoyle Berserker)          Turns: 7948, Time: 00:12:09

Health: 0/106      AC: 30    Str: 26    XL:     11   Next: 21%
Magic:  11/11      EV:  9    Int:  9    God:    Trog [****..]
Gold:   783        SH:  0    Dex:  9    Spells: 10/10 levels left

rFire   . . .      SeeInvis .    q - +11 hammer of Ignis, Wizarding {speed, Int+2}
rCold   + . .      Faith    .    (no shield)
rNeg    + . .      Spirit   .    u - +4 chain mail {rC+}
rPois   ∞          Reflect  .    r - +0 helmet
rElec   +          Harm     .    p - +0 cloak
rCorr   .          Rampage  .    i - +0 pair of gloves
Will    .....                    d - +2 pair of boots Stlth
                                 (no amulet)
HPRegen 0.37/turn                (no ring)
MPRegen 0.12/turn                (no ring)

@: berserking (expiring), very quick
A: sickness immunity, AC +8, negative energy resistance 1, electricity
resistance, torment resistance 1, petrification resistance
a: Renounce Religion, Berserk, Trog's Hand, Brothers in Arms


You were on level 1 of the Orcish Mines.
You worshipped Trog.
Trog was greatly pleased with you.
You visited 3 branches of the dungeon, and saw 12 of its levels.

You collected 783 gold pieces.

Inventory:

Hand Weapons
 a - a +0 mace
 n - the +4 trident "Umakhlam" {freeze, Dex+3 Stlth+}
   (You found it on level 2 of the Dungeon)

   Dex:       It affects your dexterity (+3).
   Stlth:     It makes you more stealthy.
 o - a +4 quarterstaff of chaos
 q - the +11 hammer of Ignis, Wizarding (weapon) {speed, Int+2}
   (You found it on level 2 of the Dungeon)

   Int:       It affects your intelligence (+2).
 E - the +11 shortbow "Zazitruul" {drain, Drain rF+ rC+ Dex+4}
   (You took it off a gnoll sergeant on level 9 of the Dungeon)

   Dex:       It affects your dexterity (+4).
   rF:        It protects you from fire.
   rC:        It protects you from cold.
   Drain:     It drains your maximum health when unequipped.
Missiles
 k - 4 throwing nets
Armour
 d - a +2 pair of boots (worn)
 i - a +0 pair of gloves (worn)
 p - a +0 cloak (worn)
 r - a +0 helmet (worn)
 u - a +4 chain mail of cold resistance (worn)
Wands
 b - a wand of paralysis (6) (quivered)
 m - a wand of flame (26)
 v - a wand of roots (12)
 A - a wand of polymorph (20)
 C - a wand of quicksilver (6)
Scrolls
 f - a scroll of immolation
 g - 2 scrolls of teleportation
 h - a scroll of identify
 j - 2 scrolls of fear
 w - 4 scrolls of fog
 x - a scroll of poison
 y - 2 scrolls of blinking
 D - 3 scrolls of amnesia {unknown}
Potions
 c - 4 potions of berserk rage
 e - 4 potions of heal wounds
 l - 4 potions of might
 s - 3 potions of lignification
 t - 3 potions of curing
 z - a potion of brilliance
 B - a potion of resistance {unknown}


   Skills:
 + Level 9.2 Fighting
 + Level 12.6 Maces & Flails
 + Level 0.7 Polearms
 + Level 8.2 Armour
 + Level 3.6 Dodging
 + Level 3.0 Stealth


You had 10 spell levels left.
You didn't know any spells.
Your spell library was empty.

Dungeon Overview and Level Annotations

Branches:
Dungeon (9/15)             Temple (1/1) D:6             Orc (2/2) D:9
   Lair: D:8-11         Elf: Orc:2

Altars:
Ashenzari
Cheibriados
Dithmenos
Elyvilon
Fedhas
Hepliaklqana
Kikubaaqudgha
Makhleb
Nemelex Xobeh
Okawaru
Qazlal
Ru
Sif Muna
Trog
Uskayaw
Vehumet
Wu Jian
Yredelemnul
Zin
The Shining One

Shops:
D:1 ?


Innate Abilities, Weirdness & Mutations

You are immune to sickness and miasma.
Your stone body is resilient. (AC +8)
You are immune to poison.
You resist negative energy. (rN+)
You are resistant to electric shocks. (rElec)
You are resistant to unholy torment.
You are immune to petrification.


Message History

You are too injured to fight recklessly!
You are too injured to fight recklessly!
You are too injured to fight recklessly!
You are too injured to fight recklessly!
You barely miss the orc high priest. You bludgeon the orc high priest!!
The orc high priest is severely wounded.
The orc warrior hits you with a +2 short sword of freezing.
* * * LOW HITPOINT WARNING * * *
The orc warrior hits you but does no damage.
The orc high priest hits you with a +0 dire flail.
* * * LOW HITPOINT WARNING * * *
You bludgeon the orc high priest!!
You kill the orc high priest!
Trog accepts your kill.
The chaos spawn degenerates into a cloud of primal chaos!
The smoke demon disappears in a puff of smoke!
You barely miss the orc warrior. The orc warrior barely misses you.
The orc warrior hits you but does no damage.
You closely miss the orc warrior.
The orc warrior hits you but does no damage.
The orc warrior closely misses you.
You closely miss the orc warrior.
The orc warrior hits you with a +0 dire flail.
* * * LOW HITPOINT WARNING * * *
The orc warrior hits you but does no damage.
You hit the orc warrior.
The orc warrior is lightly wounded.
You barely miss the orc warrior.
The orc warrior is lightly wounded.
The orc warrior hits you with a +2 short sword of freezing!
* * * LOW HITPOINT WARNING * * *
The orc warrior freezes you.
* * * LOW HITPOINT WARNING * * *
The orc warrior completely misses you.
You sock the orc warrior!
The orc warrior is heavily wounded.
The orc warrior hits you but does no damage.
The orc warrior hits you with a +0 flail.
You die...

###.#............##.##
#...#...............#
##..##...........#.##
##.................##
#.................##
##......#.........##
##........#.......#
##.......##).o..##
##.._......@o...#
#........o.o...# ###
#.............##
##.####.........##...#
#....##...#......#..##
##..............#...#
###.##.......###..##
####............#
##...........#


You could see 4 orc warriors.

Vanquished Creatures
  A two-headed ogre (D:7)
  An orc high priest (Orc:1)
  The ghost of subsebi the Cleaver, a novice DsCK of Xom (D:7)
  2 trolls (D:9)
  4 shadows (D:9)
  4 yaks (D:9)
  A wyvern (D:5)
  A steam dragon (D:8)
  Grum (D:8)
  Edmund (D:5)
  2 acid dragons
  A water moccasin (D:6)
  2 orc warriors
  2 sky beasts (D:7)
  3 ogres
  4 black bears
  2 wolves (D:8)
  A centaur (D:8)
  A phantom (D:9)
  2 gnoll sergeants (D:9)
  3 bullfrogs
  2 necrophages
  15 killer bees
  2 troll zombies (D:9)
  An electric eel (D:9)
  A howler monkey (D:7)
  2 hounds
  Crazy Yiuf (D:2)
  2 jellies
  2 gnoll boudas
  3 orc priests
  3 iguanas
  Terence (D:3)
  Natasha (thrice) (D:3)
  4 orc wizards
  4 ogre zombies (D:9)
  24 gnolls
  6 adders
  3 shadow imps
  2 ufetubi (D:6)
  A worm (D:3)
  2 dart slugs
  15 orcs
  7 ball pythons
  10 endoplasms
  2 giant cockroaches
  12 hobgoblins
  11 jackals
  3 quokkas
  3 bats
  3 frilled lizards
  8 goblins
  A goblin skeleton (D:9)
  A goblin zombie (D:9)
  2 hobgoblin zombies (D:9)
  5 kobolds
  4 orc skeletons (D:9)
  11 orc zombies (D:9)
  7 rats
229 creatures vanquished.

Vanquished Creatures (others)
  4 fungi (Orc:2)
  30 plants (D:9)
34 creatures vanquished.

Grand Total: 263 creatures vanquished

Notes
Turn   | Place    | Note
-------+----------+-------------------------------------------
     0 | D:1      | Alitron123 the Gargoyle Berserker began the quest for the
                  | Orb.
     0 | D:1      | Reached XP level 1. HP: 14/14 MP: 1/1
   118 | D:1      | Found a faded altar of an unknown god.
   133 | D:1      | Reached XP level 2. HP: 13/19 MP: 2/2
   210 | D:1      | Found Budoapp's Magic Scroll Shoppe.
   514 | D:1      | Reached XP level 3. HP: 24/24 MP: 3/3
  1010 | D:2      | Reached ** piety under Trog
  1127 | D:2      | Reached XP level 4. HP: 17/29 MP: 4/4
  1130 | D:2      | Reached skill level 1 in Stealth
  1269 | D:2      | Reached skill level 4 in Maces & Flails
  1509 | D:2      | Identified the +11 hammer of Ignis, Wizarding {speed,
                  | Int+2}
  1515 | D:2      | Found a runed translucent door.
  1516 | D:2      | Noticed Crazy Yiuf
  1572 | D:2      | Identified the +4 trident "Umakhlam" {freeze, Dex+3 Stlth+}
  1704 | D:2      | Killed Crazy Yiuf
  1705 | D:2      | Reached XP level 5. HP: 26/33 MP: 5/5
  1780 | D:3      | Noticed Natasha
  1786 | D:3      | Killed Natasha
  1868 | D:3      | Noticed Natasha
  1877 | D:3      | Killed Natasha
  1880 | D:3      | Noticed Natasha
  1884 | D:3      | Killed Natasha
  1890 | D:3      | Reached skill level 5 in Maces & Flails
  1890 | D:3      | Reached XP level 6. HP: 37/39 MP: 6/6
  2016 | D:3      | Noticed Terence
  2028 | D:3      | Killed Terence
  2595 | D:4      | Reached *** piety under Trog
  2723 | D:4      | Reached XP level 7. HP: 40/44 MP: 7/7
  2730 | D:4      | Reached skill level 5 in Fighting
  2734 | D:4      | Reached skill level 6 in Maces & Flails
  3007 | D:5      | Entered Level 5 of the Dungeon
  3142 | D:5      | Found an ornate altar of the Wu Jian Council.
  3292 | D:5      | Noticed a wyvern
  3298 | D:5      | Killed a wyvern
  3299 | D:5      | Reached skill level 7 in Maces & Flails
  3299 | D:5      | Reached XP level 8. HP: 50/50 MP: 8/8
  3341 | D:5      | Noticed Edmund
  3353 | D:5      | Killed Edmund
  3525 | D:5      | Found a glowing drain.
  3793 | D:6      | Reached skill level 8 in Maces & Flails
  3798 | D:6      | Reached **** piety under Trog
  3904 | D:6      | Reached skill level 5 in Armour
  4077 | D:6      | Reached XP level 9. HP: 55/55 MP: 9/9
  4242 | D:6      | Found a staircase to the Ecumenical Temple.
  4254 | Temple   | Entered the Ecumenical Temple
  4506 | D:7      | Found a runed translucent gate.
  4506 | D:7      | Found a runed translucent gate.
  4512 | D:7      | Found a runed translucent gate.
  4512 | D:7      | Noticed subsebi's ghost (novice DsCK)
  4514 | D:7      | Noticed a two-headed ogre
  4522 | D:7      | Killed a two-headed ogre
  4523 | D:7      | Reached skill level 9 in Maces & Flails
  4933 | D:7      | Reached skill level 10 in Maces & Flails
  5222 | D:7      | Reached XP level 10. HP: 63/63 MP: 10/10
  5236 | D:7      | Killed subsebi's ghost
  5242 | D:7      | Reached skill level 11 in Maces & Flails
  5875 | D:8      | Noticed Grum
  5894 | D:8      | Killed Grum
  6465 | D:9      | Found a staircase to the Orcish Mines.
  6569 | D:9      | Reached ***** piety under Trog
  6698 | D:9      | Reached skill level 12 in Maces & Flails
  6724 | D:9      | Received a gift from Trog
  7184 | D:9      | Reached XP level 11. HP: 69/69 MP: 11/11
  7265 | D:9      | Found a blossoming altar of Fedhas.
  7424 | D:9      | Identified the +11 shortbow "Zazitruul" {drain, Drain rF+
                  | rC+ Dex+4}
  7802 | Orc:1    | Entered Level 1 of the Orcish Mines
  7915 | Orc:2    | Entered Level 2 of the Orcish Mines
  7917 | Orc:2    | Noticed an orc knight
  7919 | Orc:2    | Noticed an orc high priest
  7942 | Orc:1    | Killed an orc high priest
  7947 | Orc:1    | HP: 3/106 [orc warrior/+2 short sword of freezing (11)]
  7948 | Orc:1    | Slain by an orc warrior

Illustrated notes

Levels and vault maps discovered:
D:1:      matt_arrival_grand_opening, layout_loops_corners, serial_shops,
          nicolae_shop_statue_plus, hellmonk_ecumenical_altar_dog_temple
D:2:      layout_rooms, minmay_goblin_outpost, uniq_crazy_yiuf_cottage
D:3:      layout_basic, uniq_terence, uniq_natasha
D:4:      layout_basic
D:5:      layout_basic, nicolae_overflow_crystal_walls, portal_sewer_entry_d,
          uniq_edmund
D:6:      layout_cave_pools, minmay_temple_entry_fiery, nrook_campfire
D:7:      layout_loops_cross, gammafunk_ghost_split
D:8:      layout_cave_pods, uniq_grum
D:9:      layout_irregular_city, fedhas_altar_2, zombieorc1_lemuel,
          serial_bayou, serial_bayou_ford_a, serial_bayou_lagoon_a,
          serial_bayou_crossing, serial_bayou_pond_c, chequers_arboretum,
          kennysheep_small_circle
Temple:   nicolae_temple_bog_church
Orc:1:    layout_caves, basic_altar, dreamdust_deal_with_the_devil
Orc:2:    grunt_orc_gardens, layout_diamond_mine, grunt_orc_garden,
          grunt_orc_garden, grunt_orc_garden, grunt_orc_garden

Skill      XL: |  1  2  3  4  5  6  7  8  9 10 11 |
---------------+----------------------------------+-----
Fighting       | 4 5 6 7 8 9 |  9.2
Dodging        | 2 3 |  3.6
Stealth        | 1 2 3 |  3.0
Maces & Flails | 4 5 7 8 10 12 | 12.6
Armour         | 3 4 5 6 7 8 |  8.2
Polearms       | |  0.7

Action                     |  1- 3 |  4- 6 |  7- 9 | 10-12 || total
---------------------------+-------+-------+-------+-------++-------
  Melee: Mace              |   102 |   127 |   209 |   268 ||   706
         Punch             |     3 |       |     3 |     2 ||     8
         Trident           |       |    11 |       |       ||    11
 Invoke: Berserk           |     2 |     1 |     2 |     4 ||     9
    Use: Scroll            |       |       |    13 |     2 ||    15
         Potion            |       |       |     1 |       ||     1
   Stab: Sleeping          |     1 |       |       |       ||     1
 Armour: Animal skin       |    38 |     1 |       |       ||    39
         Chain mail        |       |   117 |   127 |   114 ||   358
  Dodge: Dodged            |    71 |    52 |    82 |    70 ||   275

Table legend: (Time is in decaauts)
 A = Elapsed time spent in this place.
 B = Non-inter-level travel time spent in this place.
 C = Inter-level travel time spent in this place.
 D = Time resting spent in this place.
 E = Time spent auto-exploring this place.
 F = Levels seen in this place.
 G = Mean time per level.
                   A        B        C        D        E       F      G
               +--------+--------+--------+--------+--------+-----+--------+
         Total |   7874 |   7382 |    492 |      0 |   6123 |  12 |  656.2 |
       Dungeon |   7545 |   7076 |    469 |      0 |   5863 |   9 |  838.3 |
        Temple |    195 |    179 |     16 |      0 |    162 |   1 |  195.0 |
  Orcish Mines |    133 |    126 |      7 |      0 |     98 |   2 |   66.5 |
               +--------+--------+--------+--------+--------+-----+--------+

Top non-repeatable levels by time:
     D:9: 1521 daAuts
     D:1: 1010 daAuts
     D:8: 881 daAuts
     D:7: 836 daAuts
     D:2: 805 daAuts
     D:5: 720 daAuts
     D:3: 677 daAuts
     D:4: 555 daAuts
     D:6: 537 daAuts
  Temple: 195 daAuts
   Orc:1: 118 daAuts
   Orc:2: 15 daAuts
